 Dungeon Crawl Stone Soup version 0.22-a0-422-g9628fc8 (webtiles) character file.

7 Falco the Vexing (level 1, 0/10 HPs)
             Began as a Deep Elf Enchanter on May 20, 2018.
             Slain by a kobold
             ... wielding a +0 dagger
              (1 damage)
             ... on level 1 of the Dungeon.
             The game lasted 00:02:28 (288 turns).

Falco the Vexing (Deep Elf Enchanter)                Turns: 288, Time: 00:02:29

Health: 0/10       AC:  2    Str:  5    XL:     1   Next: 91%
Magic:  3/6        EV: 13    Int: 19    God:
Gold:   12         SH:  0    Dex: 15    Spells: 5/6 levels left

rFire    . . .     SeeInvis .   a - +1 dagger
rCold    . . .     Gourm    .   (no shield)
rNeg     . . .     Faith    .   b - +0 robe
rPois    .         Spirit   .   (no helmet)
rElec    .         Reflect  .   (no cloak)
rCorr    .         Harm     .   (no gloves)
MR       .....                  (no boots)
Stlth    +++.......             (no amulet)
HPRegen  0.03/turn              (no ring)
MPRegen  0.10/turn              (no ring)

@: no status effects
A: no striking features
a: no special abilities


You were on level 1 of the Dungeon.
You were not hungry.

You visited 1 branch of the dungeon, and saw 1 of its levels.

You collected 12 gold pieces.

Inventory:

Hand Weapons
 a - a +1 dagger (weapon)
Armour
 b - a +0 robe (worn)
Scrolls
 c - a scroll of enchant armour {unknown}
 e - a scroll of remove curse {unknown}
Comestibles
 d - a ration


   Skills:
 + Level 1.1 Short Blades
 + Level 2.5 Dodging
 + Level 3.8 Stealth
 + Level 3.1 Spellcasting
 + Level 4.3 Hexes


You had 5 spell levels left.
You knew the following spells:

 Your Spells              Type           Power        Failure   Level  Hunger
a - Corona                Hex            ###....      2%          1    None

Your spell library contained the following spells:

 Spells                   Type           Power        Failure   Level  Hunger
 Confuse                  Hex            ###.....     8%          3    ###....
 Tukima's Dance           Hex            ###.....     8%          3    ###....
 Ensorcelled Hibernation  Hex/Ice        ##....       10%         2    ##.....
 Dazzling Spray           Conj/Hex       ##....       19%         3    ###....


Dungeon Overview and Level Annotations

Branches:
Dungeon (1/15)

Altars:


Message History

* * * LOW HITPOINT WARNING * * *
The giant cockroach bites you but does no damage.
You completely miss the giant cockroach.
The giant cockroach is almost dead.
The giant cockroach barely misses you.
You hit the giant cockroach but do no damage.
The giant cockroach is almost dead.
The giant cockroach bites you but does no damage. x2
You hit the giant cockroach.
You kill the giant cockroach!
The kobold throws a stone.
The stone closely misses you.
Casting: Corona (safe; 2% risk of failure)
Confirm with . or Enter, or press ? or * to list all spells.
Aiming: Corona (safe; 2% risk of failure)
Press: ? - help, Shift-Dir - straight line, f/p - kobold
Aim: a kobold, wielding a dagger (chance to defeat MR: 73%)
The kobold is outlined in light.
The kobold throws a stone.
The stone misses you. The kobold hits you with a dagger.
You die...

...........# #..#
#.........# ####..#
#.........# #.....#
#.......>.# ##.##..# .#
#.........#.##.##..#####.#
#.#.......#.##.##........#
#...........##.##.#.#.##.#
######..#.####.##.#.#.##.#
#..#.†(..K@.....(...#
#..######.##.#.##..## #..#
#.########.####### ...#
#####.............## ....#
###..........⌠........
##.#
##...⌠.................
##........⌠.........⌠...
#.......................
#...⌠......(...<........


You could see a kobold.

Vanquished Creatures
  A giant cockroach (D:1)
  3 jackals (D:1)
  2 bats (D:1)
  A rat (D:1)
7 creatures vanquished.

Notes
Turn   | Place    | Note
-------+----------+-------------------------------------------
     0 | D:1      | Falco the Deep Elf Enchanter began the quest for the Orb.
     0 | D:1      | Reached XP level 1. HP: 10/10 MP: 6/6
   288 | D:1      | Slain by a kobold

Vault maps used:
D:1:      dpeg_arrival_water_temple_mockup, minivault_19

Action                   || total
-------------------------++-------
Melee: Dagger            ||    51
 Cast: Corona            ||     7
Armor: Robe              ||    21
Dodge: Dodged            ||    43

Table legend:
 A = Spawn XP
 B = Non-spawn XP
 C = Spawn XP percentage of total XP
 D = Spawn monster count
 E = Non-spawn monster count
 F = Spawn count percentage of total count
 G = Total turns spent on level
                    A         B        C        D         E        F      G
               +---------+---------+-------+---------+---------+-------+---------
         Total |       0 |      11 |   0.0 |       0 |       7 |   0.0 |   288
               +---------+---------+-------+---------+---------+-------+---------
           D:1 |       0 |      11 |   0.0 |       0 |       7 |   0.0 |   288
               +---------+---------+-------+---------+---------+-------+---------
